[Event "Titled Tuesday Blitz January 25 2022"]
[White "Tristan, Leonardo"]
[Black "Seemann, Jakub"]
[WhiteFideId "113816"]
[BlackFideId "21874697"]
[WhiteElo "2404"]
[BlackElo "2003"]
[Result "1-0"]
[Round "06"]
[TimeControl "180+1"]
[Date "2022.01.26"]
[WhiteClock "0:01:00"]
[BlackClock "0:00:02"]

1. d4 Nf6 2. Nf3 g6 3. Bf4 Bg7 4. e3 O-O 5. Be2 d6 6. O-O Nbd7 7. h3 b6 8. Bh2 Bb7 9. a4 a6 10. Nbd2 c5 11. c3 Rc8 12. Bd3 Re8 13. Qe2 e5 14. dxe5 dxe5 15. Bxa6 Bxa6 16. Qxa6 e4 17. Ne1 Ne5 18. Nc4 Nxc4 19. Qxc4 Qd2 20. Qb3 c4 21. Qxb6 Nd5 22. Qb7 Rcd8 23. a5 Re7 24. Qb5 Rc8 25. a6 Ra7 26. Bb8 Ra8 27. a7 Ne7 28. Qb7 Qd5 29. Qxd5 Nxd5 30. Nc2 Bf8 31. Rfd1 Nb6 32. Ra6 Bc5 33. Nb4 Bxb4 34. cxb4 1-0


[Site "https://www.chess.com"]

[Event "Titled Tuesday Blitz January 25 2022"]
[White "Vakhlamov, Igor L."]
[Black "Willow, Jonah B"]
[WhiteFideId "24126748"]
[BlackFideId "438804"]
[WhiteElo "2401"]
[BlackElo "2261"]
[Result "1/2-1/2"]
[Round "06"]
[TimeControl "180+1"]
[Date "2022.01.26"]
[WhiteClock "0:00:40"]
[BlackClock "0:01:30"]

1. e4 c5 2. Nf3 Nc6 3. Nc3 g6 4. d4 cxd4 5. Nxd4 Bg7 6. Be3 Nf6 7. Bc4 O-O 8. Bb3 d6 9. h3 Bd7 10. O-O Nxd4 11. Bxd4 Bc6 12. Qd3 Qa5 13. Rad1 Rac8 14. Rfe1 b5 15. Nd5 Bxd5 16. exd5 Rfe8 17. Re3 b4 18. c4 Nd7 19. Bxg7 Kxg7 20. Qd4+ Kg8 21. Rde1 Qc5 22. Qxc5 Nxc5 23. Rxe7 Kf8 24. Rxe8+ Rxe8 25. Rxe8+ Kxe8 26. Bc2 Ke7 27. f4 a5 28. Kf2 a4 29. Ke3 f5 30. Kd4 Kf6 31. g3 h6 32. Ke3 Ke7 33. Kd4 Kf6 34. a3 b3 35. Bb1 h5 36. Ke3 Ke7 37. Kd4 Kf6 38. Ke3 Ke7 39. Kf3 Kf6 40. Ke3 1/2-1/2


[Site "https://www.chess.com"]

[Event "Titled Tuesday Blitz January 25 2022"]
[White "Vasquez Schroeder, Rodrigo"]
[Black "Gunina, Valentina"]
[WhiteFideId "3400042"]
[BlackFideId "4167570"]
[WhiteElo "2568"]
[BlackElo "2465"]
[Result "1-0"]
[Round "06"]
[TimeControl "180+1"]
[Date "2022.01.26"]
[WhiteClock "0:00:28"]
[BlackClock "0:00:01"]

1. e4 c6 2. d4 d5 3. exd5 cxd5 4. Bd3 Nf6 5. c3 Bg4 6. Qb3 Qc7 7. h3 Bd7 8. Ne2 e6 9. Bf4 Bd6 10. Bxd6 Qxd6 11. Qxb7 O-O 12. Qb4 Qc7 13. Nd2 Nc6 14. Qc5 Rab8 15. b3 Rfc8 16. O-O e5 17. Ba6 Re8 18. dxe5 Rxe5 19. Nf3 Ne4 20. Qe3 Ree8 21. Qc1 Qd6 22. Bd3 Qf6 23. Bxe4 dxe4 24. Nfd4 Ne5 25. Qf4 Qg6 26. Qg3 Qh6 27. Nf4 Kh8 28. h4 Rb6 29. Rfe1 Ng6 30. Nd5 Ra6 31. Nc7 Nxh4 32. Nxa6 f5 33. Nc7 f4 34. Qh2 Re5 35. g3 fxg3 36. fxg3 Rg5 37. Rxe4 Qg6 38. Qxh4 Rxg3+ 39. Kf2 Rg2+ 40. Ke3 h6 41. Rf1 Kh7 42. Nd5 Rxa2 43. Nf4 Qb6 44. Rg1 Bf5 45. Qg3 g5 46. Nd5 1-0


[Site "https://www.chess.com"]

[Event "Titled Tuesday Blitz January 25 2022"]
[White "Villegas, Pierre"]
[Black "Pakleza, Zbigniew"]
[WhiteFideId "654183"]
[BlackFideId "1119290"]
[WhiteElo "2410"]
[BlackElo "2467"]
[Result "1-0"]
[Round "06"]
[TimeControl "180+1"]
[Date "2022.01.26"]
[WhiteClock "0:00:05"]
[BlackClock "0:00:12"]

1. d4 d6 2. e4 Nf6 3. f3 Nbd7 4. c4 e5 5. Ne2 Be7 6. Nbc3 O-O 7. Be3 a6 8. Qd2 c6 9. d5 Ne8 10. Ng3 g6 11. Bd3 Ng7 12. O-O c5 13. a3 b6 14. b4 f5 15. exf5 gxf5 16. Bh6 f4 17. Bxg7 Kxg7 18. Nge4 Nf6 19. g4 fxg3 20. hxg3 Kh8 21. Nxf6 Bxf6 22. Kg2 Ra7 23. Rh1 Rg8 24. Be4 Rag7 25. Ne2 Bg5 26. Qd3 Qe7 27. Rh5 h6 28. Rah1 Rf8 29. g4 Kg8 30. Ng3 Rf4 31. Bf5 Rd4 32. Qb1 Rd2+ 33. Kh3 Bd7 34. Bxd7 Qxd7 35. Ne4 Qf7 36. Nxd2 Bxd2 37. Rf5 Qg6 38. bxc5 bxc5 39. Qb8+ Kh7 40. Kg2 Bg5 41. Qc8 a5 42. Qe6 Rb7 43. Qxg6+ Kxg6 44. Rf1 Rb2+ 45. Rf2 Rb3 46. Rf8 Rxa3 47. Re8 Kf7 48. Re6 Be7 49. f4 a4 50. fxe5+ Ke8 51. exd6 Kd7 52. Rxe7+ Kxd6 53. Re6+ Kd7 54. Rf7+ Kd8 55. Rxh6 Ra2+ 56. Kg3 Ke8 57. Ra7 Ra3+ 58. Kh4 Rh3+ 59. Kxh3 a3 60. Rh8# 1-0


[Site "https://www.chess.com"]

[Event "Titled Tuesday Blitz January 25 2022"]
[White "Visakh N R"]
[Black "Odegov, Artem"]
[WhiteFideId "25012223"]
[BlackFideId "34183644"]
[WhiteElo "2454"]
[BlackElo "2277"]
[Result "1-0"]
[Round "06"]
[TimeControl "180+1"]
[Date "2022.01.26"]
[WhiteClock "0:01:33"]
[BlackClock "0:00:24"]

1. e4 e6 2. d4 d5 3. Nd2 Nf6 4. e5 Nfd7 5. Ngf3 c5 6. c3 Nc6 7. Bd3 cxd4 8. cxd4 Qb6 9. Nb3 a5 10. a4 Bb4+ 11. Kf1 f5 12. exf6 Nxf6 13. h4 O-O 14. h5 Bd7 15. Rh4 Be7 16. h6 g6 17. Bg5 Rf7 18. Rc1 Raf8 19. Nc5 Bc8 20. Qe2 Nxd4 21. Rxd4 Bxc5 22. Rf4 Nh5 23. Rxf7 Rxf7 24. Qc2 Rc7 25. Be3 Qa7 26. Bxg6 Nf6 27. Bxh7+ Nxh7 28. Qg6+ Kh8 29. Rxc5 1-0


[Site "https://www.chess.com"]

[Event "Titled Tuesday Blitz January 25 2022"]
[White "Weetik, Vjacheslav"]
[Black "Song, Michael"]
[WhiteFideId "4153472"]
[BlackFideId "2613190"]
[WhiteElo "2469"]
[BlackElo "2274"]
[Result "1/2-1/2"]
[Round "06"]
[TimeControl "180+1"]
[Date "2022.01.26"]
[WhiteClock "0:00:08"]
[BlackClock "0:00:57"]

1. d4 Nf6 2. c4 e6 3. g3 d5 4. Nf3 Be7 5. Bg2 O-O 6. O-O Nbd7 7. Nc3 c6 8. Qd3 b6 9. cxd5 cxd5 10. Bf4 Bb7 11. Rac1 Ne4 12. Ne5 Nxe5 13. Bxe5 Nxc3 14. Rxc3 Rc8 15. Rfc1 Rxc3 16. Qxc3 Bd6 17. Bxd6 Qxd6 18. Qc7 Qxc7 19. Rxc7 Ba6 20. e4 dxe4 21. Bxe4 f5 22. Bc2 Rc8 23. Rxc8+ Bxc8 24. Kf1 Ba6+ 25. Ke1 Bc4 26. a3 Kf8 27. Kd2 Ke7 28. Ke3 g5 29. f4 g4 30. Kd2 a5 31. Kc3 Bd5 32. Ba4 Kd6 33. Be8 h6 34. b4 Ba2 35. bxa5 bxa5 36. Bb5 Bd5 37. Kd3 Bb3 38. Kc3 Bd5 39. Bd3 Kc6 40. Bc2 Kb6 41. Ba4 Kc7 42. Bb5 Kb6 43. Be8 Kc7 44. Bb5 Kb6 45. Be8 Kc7 46. Bb5 1/2-1/2


[Site "https://www.chess.com"]

[Event "Titled Tuesday Blitz January 25 2022"]
[White "Xiong, Jeffery"]
[Black "Sapunov, Evgeny"]
[WhiteFideId "2047640"]
[BlackFideId "4126661"]
[WhiteElo "2727"]
[BlackElo "2470"]
[Result "1-0"]
[Round "06"]
[TimeControl "180+1"]
[Date "2022.01.26"]
[WhiteClock "0:01:24"]
[BlackClock "0:01:46"]

1. e4 c5 2. Nf3 d6 3. Bb5+ Nd7 4. d4 Nf6 5. Nc3 cxd4 6. Qxd4 e5 7. Qd3 h6 8. Be3 Be7 9. a4 O-O 10. O-O a6 11. Bc4 Nb6 12. Bb3 Be6 13. a5 Nbd7 14. Bxe6 fxe6 15. Qc4 Kf7 16. Rfd1 Rc8 17. Qb3 Qc7 18. Ra4 Rfe8 19. Rb4 Rb8 20. Ba7 Rbd8 21. Rxb7 Qxa5 22. h3 Nc5 23. Bxc5 Qxc5 24. Ne1 Rd7 25. Rb6 Ra8 26. Nd3 Qc7 27. f4 Bd8 28. Rb4 exf4 29. Nxf4 Re7 30. Nxe6 Rxe6 31. Rb7 Ra7 32. Rxc7+ Rxc7 33. Rxd6 1-0


[Site "https://www.chess.com"]

[Event "Titled Tuesday Blitz January 25 2022"]
[White "Yaksin, Oleg"]
[Black "Ortega Amarelle, Mariano"]
[WhiteFideId "24105880"]
[BlackFideId "3504301"]
[WhiteElo "2256"]
[BlackElo "2389"]
[Result "1-0"]
[Round "06"]
[TimeControl "180+1"]
[Date "2022.01.26"]
[WhiteClock "0:00:57"]
[BlackClock "0:00:15"]

1. d4 Nf6 2. c4 g6 3. g3 Bg7 4. Bg2 O-O 5. Nc3 d6 6. Nf3 Nbd7 7. O-O e5 8. e4 exd4 9. Nxd4 Re8 10. Re1 a6 11. Be3 Rb8 12. f3 Ne5 13. b3 c5 14. Nde2 b5 15. cxb5 axb5 16. Nf4 b4 17. Ncd5 Nfd7 18. Rc1 Ba6 19. Qd2 Ra8 20. Red1 Bb5 21. Rc2 Ra6 22. h4 h5 23. Kh2 Qc8 24. Nxb4 cxb4 25. Rxc8 Rxc8 26. Qxb4 Rb8 27. Qd2 Nc5 28. Rc1 Rba8 29. Bxc5 Rxa2 30. Rc2 Nxf3+ 31. Bxf3 Rxc2 32. Qxc2 dxc5 33. Qxc5 Ra2+ 34. Bg2 Bf1 35. Kg1 1-0


[Site "https://www.chess.com"]

[Event "Titled Tuesday Blitz January 25 2022"]
[White "Zakhartsov, Vladimir"]
[Black "Hakemi, Arman"]
[WhiteFideId "4145097"]
[BlackFideId "22520805"]
[WhiteElo "2432"]
[BlackElo "2208"]
[Result "1-0"]
[Round "06"]
[TimeControl "180+1"]
[Date "2022.01.26"]
[WhiteClock "0:02:15"]
[BlackClock "0:02:12"]

1. c4 g6 2. Nc3 Bg7 3. g3 d6 4. Bg2 Nc6 5. e3 Bd7 6. d4 Qc8 7. h4 h5 8. Nge2 Nf6 9. Nf4 e5 10. dxe5 Nxe5 11. b3 Bg4 12. f3 Bd7 13. Bb2 O-O 14. O-O Bc6 15. e4 a5 16. Qc2 a4 17. Ncd5 Nxd5 18. cxd5 Bb5 19. Rfc1 a3 20. Bc3 c6 21. Rab1 c5 22. Ba1 Bd7 23. Kh1 f5 24. Bxe5 Bxe5 25. Nxg6 Bxg3 26. Ne7+ 1-0


[Site "https://www.chess.com"]

[Event "Titled Tuesday Blitz January 25 2022"]
[White "Zarubitski, Viachaslau"]
[Black "Sychev, Klementy"]
[WhiteFideId "13509373"]
[BlackFideId "4114060"]
[WhiteElo "2325"]
[BlackElo "2564"]
[Result "1-0"]
[Round "06"]
[TimeControl "180+1"]
[Date "2022.01.26"]
[WhiteClock "0:00:42"]
[BlackClock "0:00:02"]

1. d4 g6 2. c4 Bg7 3. Nf3 d6 4. g3 Bd7 5. Bg2 Nc6 6. O-O Qc8 7. Nc3 Bh3 8. e4 h5 9. Bxh3 Qxh3 10. d5 Ne5 11. Ng5 Qd7 12. f4 Nxc4 13. e5 dxe5 14. Nxf7 exf4 15. Nxh8 Bxh8 16. Bxf4 O-O-O 17. Rc1 Nf6 18. Qe2 Nd6 19. Rfe1 Re8 20. Qe6 Qxe6 21. dxe6 c6 22. Bxd6 exd6 23. Nb5 Re7 24. Nxd6+ Kc7 25. Nf7 Bg7 26. Ne5 g5 27. Ng6 Re8 28. e7 Nd5 29. Re2 Kd7 30. Rf1 Bf6 31. Rf5 Kd6 32. Kg2 a5 33. h4 gxh4 34. gxh4 a4 35. Rxh5 b5 36. Rf5 b4 37. h5 Bxe7 38. Rfe5 Rg8 39. Re6+ Kc5 40. Rxe7 Nf4+ 41. Kf3 Nxh5 42. R7e5+ Kb6 43. Rxh5 Rxg6 44. Re4 c5 45. Rc4 Rc6 46. b3 a3 47. Ke3 Kb5 48. Kd3 Rd6+ 49. Kc2 Rc6 50. Re4 Rg6 51. Ree5 Rc6 52. Rd5 Kb6 53. Kd2 Kb5 54. Kd3 Rc7 55. Rd6 Rg7 56. Rhh6 Rg3+ 57. Ke2 c4 58. Rh5+ 1-0


[Site "https://www.chess.com"]

[Event "Titled Tuesday Blitz January 25 2022"]
[White "Zelbel, Patrick"]
[Black "Saravana, Krishnan P."]
[WhiteFideId "24624322"]
[BlackFideId "5018382"]
[WhiteElo "2493"]
[BlackElo "2210"]
[Result "0-1"]
[Round "06"]
[TimeControl "180+1"]
[Date "2022.01.26"]
[WhiteClock "0:00:11"]
[BlackClock "0:01:11"]

1. e4 e6 2. d3 d5 3. Qe2 Be7 4. Nf3 Nf6 5. g3 b6 6. Bg2 O-O 7. O-O dxe4 8. dxe4 Ba6 9. c4 Bb7 10. Nc3 c5 11. Rd1 Qc8 12. e5 Nfd7 13. Bf4 Nc6 14. Nb5 Re8 15. Rd2 Nf8 16. Nd6 Bxd6 17. exd6 e5 18. Be3 Nd4 19. Bxd4 exd4 20. Qd3 Be4 21. Qf1 Qc6 22. Nh4 Qxd6 23. Re1 Bxg2 24. Nxg2 Rxe1 25. Qxe1 Qe6 26. Qf1 Re8 27. b3 h6 28. h4 Ng6 29. Kh2 Ne5 30. f3 Qf6 31. Rf2 g5 32. Qd1 g4 33. f4 Nf3+ 34. Rxf3 gxf3 35. Qxf3 Qf5 36. Qc6 Re6 37. Qa8+ Kg7 38. Qxa7 Re2 39. Qa8 d3 40. Qf3 h5 41. Kg1 Qe4 0-1


[Site "https://www.chess.com"]

[Event "Titled Tuesday Blitz January 25 2022"]
[White "Agasarov, Benik"]
[Black "Rustemov, Alexander"]
[WhiteFideId "13314823"]
[BlackFideId "4119002"]
[WhiteElo "2586"]
[BlackElo "2729"]
[Result "1/2-1/2"]
[Round "07"]
[TimeControl "180+1"]
[Date "2022.01.26"]
[WhiteClock "0:00:33"]
[BlackClock "0:00:16"]

1. e4 e6 2. d4 d5 3. Bd3 dxe4 4. Bxe4 Nf6 5. Bf3 c5 6. Ne2 Nc6 7. Be3 cxd4 8. Nxd4 Ne5 9. Nc3 Bb4 10. O-O Bxc3 11. bxc3 O-O 12. Be2 Bd7 13. f4 Nc6 14. c4 Nxd4 15. Bxd4 Bc6 16. c3 Ne4 17. Bd3 f5 18. Qe1 Qe7 19. Qe3 b6 20. Rae1 Rad8 21. Bxe4 Bxe4 22. c5 b5 23. Qg3 a6 24. Rd1 Bd5 25. a3 Qf7 26. Rfe1 Qg6 27. Qxg6 hxg6 28. Be5 Rc8 29. Bd6 Rf7 30. Re5 Rd7 31. g3 Kf7 32. Kf2 Rc6 33. Ke3 a5 34. Kd4 Bb3 35. Rb1 a4 36. h4 Bc4 37. Ke3 Bb3 38. Rb2 Ra7 39. Rd2 Ke8 40. Rd4 Rd7 41. Rb4 Bc4 42. Kd4 Rdxd6+ 43. cxd6 Rxd6+ 44. Kc5 Rd3 45. Rxc4 bxc4 46. Kxc4 Rxg3 47. Rxe6+ Kd7 48. Ra6 Rg4 49. Kd5 Kc7 50. Rxa4 Rxh4 51. Ra7+ Kb6 52. Rxg7 Rxf4 53. Rxg6+ Kc7 54. c4 Rf1 55. Kc5 f4 56. Rg7+ Kb8 57. Kb6 Rb1+ 58. Kc6 Ra1 59. Rg8+ Ka7 60. Rf8 Rxa3 61. Rxf4 Rc3 62. c5 Kb8 63. Rf7 Rc1 64. Rb7+ Kc8 65. Rb5 Rh1 66. Kb6 Rh6+ 67. c6 Rh1 68. Rb4 Rc1 69. Rb5 Rc2 70. Rh5 Rb2+ 71. Kc5 Rc2+ 72. Kd6 Rd2+ 73. Rd5 Rxd5+ 74. Kxd5 Kc7 75. Kc5 Kc8 76. Kb6 Kb8 77. Kb5 Kc7 78. Kc5 Kc8 79. Kd6 Kd8 80. Ke5 Kc7 81. Kd5 Kc8 82. Kd4 Kc7 83. Kc5 1/2-1/2


[Site "https://www.chess.com"]

[Event "Titled Tuesday Blitz January 25 2022"]
[White "Al Hosani, Omran"]
[Black "Erdogdu, Mert"]
[WhiteFideId "9308733"]
[BlackFideId "6301495"]
[WhiteElo "2246"]
[BlackElo "2485"]
[Result "0-1"]
[Round "07"]
[TimeControl "180+1"]
[Date "2022.01.26"]
[WhiteClock "0:00:03"]
[BlackClock "0:00:09"]

1. d4 d5 2. c4 e6 3. Nc3 c5 4. cxd5 exd5 5. Nf3 Nc6 6. g3 Nf6 7. Bg2 Be7 8. O-O O-O 9. dxc5 Bxc5 10. Bg5 d4 11. Bxf6 Qxf6 12. Ne4 Qe7 13. Nxc5 Qxc5 14. Qb3 Re8 15. Rfe1 Be6 16. Qxb7 Rab8 17. Qc7 Rec8 18. Qf4 Rxb2 19. Rac1 Qf5 20. Qd6 Qd5 21. Qxd5 Bxd5 22. Nxd4 Bxg2 23. Kxg2 Ne7 24. Rxc8+ Nxc8 25. Rc1 Nb6 26. Rc2 Rb4 27. e3 g6 28. g4 Kg7 29. g5 Ra4 30. h4 Nd5 31. Kf3 Ra3 32. Rc5 Nb4 33. Rc7 Kf8 34. Nb5 Rxa2 35. Nd6 Nd3 36. Rxf7+ Kg8 37. Kg3 a5 38. Rd7 Nxf2 39. Kf3 Nd3 40. Rd8+ Kg7 41. Ke4 Nc5+ 42. Kd5 Rc2 43. Rc8 a4 44. Rxc5 Rxc5+ 45. Kxc5 a3 46. e4 a2 47. e5 a1=Q 48. Kd5 Qa2+ 49. Kc6 Qe6 0-1


[Site "https://www.chess.com"]

[Event "Titled Tuesday Blitz January 25 2022"]
[White "Arabidze, Meri"]
[Black "Hamley, Ryan"]
[WhiteFideId "13604040"]
[BlackFideId "30959497"]
[WhiteElo "2329"]
[BlackElo "2487"]
[Result "1-0"]
[Round "07"]
[TimeControl "180+1"]
[Date "2022.01.26"]
[WhiteClock "0:02:51"]
[BlackClock "0:02:43"]

1. Nf3 g6 2. g3 Bg7 3. Bg2 e5 4. d3 Ne7 5. c4 O-O 6. O-O Nbc6 7. Nc3 d5 8. cxd5 Nxd5 9. Bd2 h6 10. Qc1 Kh7 11. Nxd5 1-0


[Site "https://www.chess.com"]

[Event "Titled Tuesday Blitz January 25 2022"]
[White "Aradhya, Garg"]
[Black "Ronka, Erik"]
[WhiteFideId "25006746"]
[BlackFideId "505080"]
[WhiteElo "2169"]
[BlackElo "2264"]
[Result "1-0"]
[Round "07"]
[TimeControl "180+1"]
[Date "2022.01.26"]
[WhiteClock "0:00:37"]
[BlackClock "0:00:03"]

1. d4 Nf6 2. c4 g6 3. g3 Bg7 4. Bg2 O-O 5. Nc3 d6 6. Nf3 Nbd7 7. O-O e5 8. e4 c6 9. h3 Qb6 10. Re1 exd4 11. Nxd4 Ne5 12. b3 Re8 13. Be3 Qa5 14. Qd2 c5 15. Ndb5 Bxh3 16. f4 Bxg2 17. fxe5 Nxe4 18. Nxe4 Qxd2 19. Bxd2 Bxe4 20. Rxe4 Bxe5 21. Rae1 Red8 22. g4 Kg7 23. g5 Rac8 24. Bc3 a6 25. Bxe5+ dxe5 26. Nc3 Rd4 27. Nd5 b5 28. Kg2 bxc4 29. Nb6 Rd2+ 30. R4e2 Rcd8 31. Nxc4 R2d4 32. Nxe5 R8d5 33. Rf1 f5 34. gxf6+ Kf8 35. f7 Rd2 36. Rff2 Rxe2 37. Rxe2 g5 38. Kf3 h5 39. Ke4 Rd6 40. Kf5 Kg7 41. Kxg5 a5 42. Kxh5 a4 43. Rg2+ Kh7 44. f8=Q Rd5 45. Qg7# 1-0


[Site "https://www.chess.com"]

[Event "Titled Tuesday Blitz January 25 2022"]
[White "Atakhan, Abtin"]
[Black "Fawzy, Adham"]
[WhiteFideId "22502203"]
[BlackFideId "10613129"]
[WhiteElo "2119"]
[BlackElo "2510"]
[Result "0-1"]
[Round "07"]
[TimeControl "180+1"]
[Date "2022.01.26"]
[WhiteClock "0:00:01"]
[BlackClock "0:00:03"]

1. d4 Nf6 2. Nf3 e6 3. g3 b5 4. Bg2 Bb7 5. a4 b4 6. c3 c5 7. O-O d5 8. a5 Na6 9. Ne5 Bd6 10. Qa4+ Kf8 11. Bf4 h6 12. dxc5 Nxc5 13. Qxb4 Rb8 14. Nd3 Nce4 15. Bxd6+ Nxd6 16. Nd2 Ba6 17. Qa3 Kg8 18. Ne5 Bxe2 19. Nc6 Qc7 20. Nxb8 Bxf1 21. Rxf1 Qxb8 22. Nf3 Nc4 23. Qe7 Nxa5 24. Ra1 Nc6 25. Qc5 Qb6 26. Qxb6 axb6 27. Ra6 Nd7 28. Bf1 Ncb8 29. Ra7 Nc5 30. b4 Ne4 31. Bd3 f5 32. Nd4 Nxc3 33. Nxe6 Rh7 34. Bxf5 g6 35. Ra8 gxf5 36. Rxb8+ Kf7 37. Rxb6 Ke7 38. Rb7+ Kxe6 39. Rxh7 d4 40. Rc7 Ne4 41. f3 Nd6 42. Rc1 Kd5 43. Kf2 Nc4 44. Ke2 Ne5 45. f4 Nc6 46. Rc5+ Kd6 0-1


[Site "https://www.chess.com"]

[Event "Titled Tuesday Blitz January 25 2022"]
[White "Baules Rodriguez, Jorge Luis"]
[Black "Stribuk, Artiom"]
[WhiteFideId "6600247"]
[BlackFideId "13515659"]
[WhiteElo "2375"]
[BlackElo "2224"]
[Result "0-1"]
[Round "07"]
[TimeControl "180+1"]
[Date "2022.01.26"]
[WhiteClock "0:00:31"]
[BlackClock "0:00:27"]

1. e4 c5 2. Nf3 Nc6 3. d4 cxd4 4. Nxd4 Nf6 5. Nc3 e5 6. Ndb5 d6 7. Bg5 a6 8. Na3 b5 9. Nd5 Be7 10. Bxf6 Bxf6 11. c3 O-O 12. Nc2 Bg5 13. a4 bxa4 14. Rxa4 a5 15. Bc4 Kh8 16. Nce3 g6 17. h4 Bxh4 18. g3 Bg5 19. f4 exf4 20. gxf4 Bh4+ 21. Kf1 f5 22. b4 fxe4 23. b5 Ne5 24. Qd4 Bf6 25. Nxf6 Qxf6 26. Nd5 Qg7 27. Ra2 Nxc4 28. Rah2 h5 29. Qxc4 Be6 30. Qxe4 Rae8 31. Kg1 Bxd5 32. Rxh5+ gxh5+ 0-1


[Site "https://www.chess.com"]

[Event "Titled Tuesday Blitz January 25 2022"]
[White "Bayramov, Zaur"]
[Black "Dilmukhametov, Artur"]
[WhiteFideId "13405080"]
[BlackFideId "24179922"]
[WhiteElo "2166"]
[BlackElo "2266"]
[Result "0-1"]
[Round "07"]
[TimeControl "180+1"]
[Date "2022.01.26"]
[WhiteClock "0:00:18"]
[BlackClock "0:00:11"]

1. e4 e6 2. Qe2 e5 3. g3 Nf6 4. Bg2 Nc6 5. Nc3 Bc5 6. d3 O-O 7. h3 Nd4 8. Qd1 c6 9. f4 d6 10. Nf3 Nxf3+ 11. Qxf3 a5 12. f5 a4 13. a3 Qb6 14. g4 d5 15. g5 dxe4 16. dxe4 Ne8 17. h4 Nd6 18. Bf1 Bd4 19. h5 Bd7 20. Bd3 Nb5 21. Ne2 Bc5 22. g6 h6 23. gxf7+ Rxf7 24. Qg4 Kh8 25. c3 Be3 26. Bxe3 Qxe3 27. Rh3 Qc5 28. Bxb5 cxb5 29. O-O-O Bc6 30. Rhd3 b4 31. Rd8+ Rf8 32. axb4 Qe3+ 33. R8d2 a3 34. bxa3 Bxe4 35. Kb2 Bxf5 36. Qg3 Qa7 37. Ra1 Rad8 38. Rad1 Ra8 39. Ra1 Rfd8 40. Qe1 Qe3 41. Rad1 Rxd2+ 42. Qxd2 Qa7 43. Ra1 Qf2 44. Qe1 Qh2 45. a4 Bg4 46. Ka3 Qxe2 47. Qxe2 Bxe2 48. Re1 Bb5 49. Rxe5 Bxa4 50. Re7 Be8+ 51. Kb2 Bxh5 52. Rxb7 Bg4 53. Re7 h5 54. Re4 Bf3 55. Rf4 Bg4 56. c4 g5 57. Rd4 Kg7 58. c5 Kf6 59. b5 Ke5 60. Rd2 Ra5 61. Kc3 Rxb5 62. Kc4 Rb1 63. Rd5+ Ke4 64. Rd4+ Ke3 65. Rd8 Bf3 66. Re8+ Be4 67. c6 Rc1+ 68. Kb5 Rxc6 69. Rh8 h4 70. Rg8 Kf4 71. Rf8+ Kg4 72. Rg8 Bf3 73. Re8 Rf6 74. Re1 Rf5+ 75. Kb6 h3 76. Ka7 h2 77. Kb8 Kg3 78. Rh1 g4 79. Rf1 Be4 80. Re1 Bf3 81. Re3 Rf8+ 82. Kc7 h1=Q 83. Rc3 Qh7+ 84. Kd6 Rf6+ 85. Ke5 Qf5+ 86. Kd4 Qe4+ 87. Kc5 Rc6+ 88. Kb5 Qd5+ 89. Kb4 Rb6+ 90. Ka4 Qa5+ 91. Kxa5 Re6 92. Re3 Rxe3 93. Kb4 Kf2 94. Kc5 g3 95. Kd4 g2 0-1


[Site "https://www.chess.com"]

[Event "Titled Tuesday Blitz January 25 2022"]
[White "Belenkaya, Dina"]
[Black "Aditya Mittal"]
[WhiteFideId "24142654"]
[BlackFideId "35042025"]
[WhiteElo "2196"]
[BlackElo "2287"]
[Result "0-1"]
[Round "07"]
[TimeControl "180+1"]
[Date "2022.01.26"]
[WhiteClock "0:00:02"]
[BlackClock "0:01:14"]

1. Nf3 d5 2. g3 Nf6 3. Bg2 Bg4 4. O-O Nbd7 5. d3 e5 6. Nbd2 Be7 7. c4 c6 8. h3 Bh5 9. Qb3 Qb6 10. cxd5 Qxb3 11. Nxb3 Nxd5 12. Bd2 f6 13. Na5 Rb8 14. Rac1 Bf7 15. d4 e4 16. Ne1 f5 17. a3 Be6 18. b4 O-O 19. Nc2 Bf6 20. f3 e3 21. Be1 f4 22. gxf4 Nxf4 23. Bg3 Nxe2+ 24. Kh2 Nxc1 25. Bxb8 Nd3 26. Bg3 e2 27. Ra1 Bd5 28. Nxb7 Bb3 29. Ne1 Bxd4 30. Rb1 Ba2 31. Nxd3 Bxb1 32. Ne1 Ne5 33. Nd6 Nd3 34. Nc4 Re8 35. Nd2 Be5 36. f4 Bxf4 37. Bxf4 Nxe1 0-1


[Site "https://www.chess.com"]

[Event "Titled Tuesday Blitz January 25 2022"]
[White "Belyakov, Bogdan"]
[Black "Ozates, Tuna"]
[WhiteFideId "24104795"]
[BlackFideId "6354521"]
[WhiteElo "2407"]
[BlackElo "1872"]
[Result "1/2-1/2"]
[Round "07"]
[TimeControl "180+1"]
[Date "2022.01.26"]
[WhiteClock "0:00:23"]
[BlackClock "0:00:05"]

1. e4 c5 2. c3 d5 3. exd5 Nf6 4. d4 cxd4 5. Qxd4 Qxd5 6. Nf3 Nc6 7. Qxd5 Nxd5 8. Bc4 Nb6 9. Be2 e5 10. O-O f6 11. a3 Bd6 12. Nbd2 O-O 13. b4 Bf5 14. Bb2 Rac8 15. c4 Be7 16. c5 Nd5 17. Bc4 Be6 18. Rfe1 Nf4 19. Bf1 a6 20. Nc4 Rcd8 21. Bc3 Kf7 22. h4 Nd3 23. Re3 Bxc4 24. Rd1 Nb2 25. Rxd8 Rxd8 26. Bxb2 Rd1 27. Re1 Rxe1 28. Nxe1 Bxf1 29. Kxf1 Ke6 30. Nc2 f5 31. Ke2 f4 32. f3 Bxh4 33. Kd3 Kd5 34. a4 Bf6 35. Ba3 g5 36. b5 axb5 37. axb5 Na5 38. c6 bxc6 39. Nb4+ Ke6 40. Nxc6 Nxc6 41. bxc6 Bd8 42. Ke4 Bc7 43. Bb4 h5 44. Bc5 g4 45. fxg4 hxg4 46. Bb4 Bd6 47. Ba5 Ke7 48. Bb6 Ke6 49. Ba5 Ke7 50. Bb6 Ke6 51. Bd8 f3 52. gxf3 g3 53. Bb6 g2 54. Bg1 Bc7 55. Bh2 Kd6 56. f4 exf4 57. Kf3 Kxc6 58. Kxg2 Kd5 59. Kf3 Ke5 60. Bxf4+ 1/2-1/2


[Site "https://www.chess.com"]

[Event "Titled Tuesday Blitz January 25 2022"]
[White "Ben Artzi, Ido"]
[Black "Kretov, Evgenij"]
[WhiteFideId "2810913"]
[BlackFideId "4167821"]
[WhiteElo "2244"]
[BlackElo "2303"]
[Result "0-1"]
[Round "07"]
[TimeControl "180+1"]
[Date "2022.01.26"]
[WhiteClock "0:00:03"]
[BlackClock "0:01:03"]

1. d4 Nf6 2. c4 c5 3. d5 e5 4. Nc3 d6 5. e4 Be7 6. g3 O-O 7. Bg2 Ne8 8. Nge2 Nd7 9. O-O g6 10. Bh6 Ng7 11. f4 exf4 12. gxf4 Bf6 13. e5 dxe5 14. Ne4 exf4 15. Nxf6+ Nxf6 16. Nxf4 Ng4 17. Bxg7 Kxg7 18. Qd2 Qd6 19. h3 Ne5 20. Rae1 f6 21. b4 Bd7 22. Qf2 b6 23. Qg3 Nxc4 24. Nh5+ Kh8 25. Qxd6 Nxd6 26. Nxf6 Bf5 27. bxc5 bxc5 28. Ng4 Rfe8 29. Ne5 Kg7 30. Re3 Re7 31. Rfe1 Rae8 32. Kf2 Kf6 33. Nc6 Rxe3 34. Rxe3 Rxe3 35. Kxe3 a6 36. Bf1 Be4 37. Bxa6 Bxd5 38. Nb8 Ke7 39. a4 Kd8 40. Bf1 Kc7 41. Na6+ Kb6 42. a5+ Kc6 43. Nb8+ Kb7 44. Nd7 c4 45. Nf6 Nf5+ 46. Kf4 Bf7 47. Nxh7 c3 48. Bd3 Bb3 0-1


[Site "https://www.chess.com"]

[Event "Titled Tuesday Blitz January 25 2022"]
[White "Bethke, Richard"]
[Black "Belov, Vladimir"]
[WhiteFideId "12959243"]
[BlackFideId "4132394"]
[WhiteElo "2444"]
[BlackElo "2501"]
[Result "1-0"]
[Round "07"]
[TimeControl "180+1"]
[Date "2022.01.26"]
[WhiteClock "0:00:13"]
[BlackClock "0:00:06"]

1. e4 c5 2. Nf3 d6 3. d4 cxd4 4. Nxd4 Nf6 5. Nc3 a6 6. Be3 e5 7. Nf3 Be7 8. Bc4 O-O 9. O-O Nc6 10. Bg5 Be6 11. Bb3 Na5 12. Bxf6 Bxf6 13. Nd2 Nxb3 14. axb3 d5 15. exd5 Bxd5 16. Nde4 Bc6 17. Qe2 Qe7 18. Nxf6+ Qxf6 19. Rfe1 Rfe8 20. Rad1 Qg6 21. f3 Rac8 22. Rd2 h5 23. Qf2 h4 24. Rde2 f6 25. Ne4 Red8 26. Qxh4 Bb5 27. Rf2 Rd4 28. c3 Rd3 29. Qg3 Qxg3 30. Nxg3 Rcd8 31. h4 Kf7 32. Kh2 a5 33. Ra1 b6 34. Ne4 Bc6 35. Re2 Bd5 36. Nf2 Bxb3 37. Nxd3 Rxd3 38. Rae1 Rd6 39. f4 exf4 40. Re7+ Kg6 41. Rc7 Rd2 42. Ree7 f3 43. Rxg7+ Kf5 44. Rg3 Bd5 45. Rd7 f2 46. Rxd5+ Rxd5 47. Rf3+ Kg6 48. Rxf2 b5 49. g4 Rd3 50. h5+ Kg5 51. Rg2 b4 52. cxb4 axb4 53. Rg3 Rd2+ 54. Kh3 Rxb2 55. Rf3 Rc2 56. Rf5+ Kh6 57. Rxf6+ Kg7 58. Rb6 Rc3+ 59. Kh4 Rc4 60. Kg5 Rc5+ 61. Kf4 Rc4+ 62. Kg3 Rd4 63. g5 Rc4 64. Rb7+ Kg8 65. h6 Kh8 66. g6 Rc8 67. Rxb4 Kg8 68. Rb7 Rc3+ 69. Kf4 Rc4+ 70. Ke5 Rc5+ 71. Kd6 Rc8 72. Rd7 Rf8 73. Ke7 Kh8 74. Rd8 1-0


[Site "https://www.chess.com"]